 Dungeon Crawl Stone Soup version 0.29.1-2-gbd0b4ee654 (webtiles) character file.

Game seed: 1763275852387892640

4292 wingedge the Poker (level 9, -1/74 HPs)
             Began as a Demigod Fighter on Nov 29, 2022.
             Succumbed to Amaemon's poison
             ... on level 8 of the Dungeon.
             The game lasted 01:02:00 (12551 turns).

wingedge the Poker (Demigod Fighter)               Turns: 12551, Time: 01:02:01

Health: -1/74      AC:  5    Str: 17    XL:     9   Next: 86%
Magic:  0/16       EV: 14    Int: 21    God:
Gold:   172        SH: 10    Dex: 17    Spells: 7/14 levels left

rFire   + + .      SeeInvis .   a - +0 trident
rCold   + . .      Faith    .   c - +0 buckler
rNeg    . . .      Spirit   .   d - +1 leather armour "Yvudem" {Harm rF+++ Will+++ Stlth-}
rPois   .          Reflect  +   (no helmet)
rElec   .          Harm     +   (no cloak)
rCorr   .          Rampage  .   C - +0 pair of gloves
Will    +++..                   (no boots)
Stlth   ..........              i - amulet of reflection
HPRegen 0.22/turn               z - ring of Immorality {Wiz rF- rC+ Int+3}
MPRegen 0.15/turn               (no ring)

@: mighty, lethally poisoned (-1 -> -23), slowed, very slow
A: high MP 1, forlorn, divine attributes
a: no special abilities


You were on level 8 of the Dungeon.
You visited 2 branches of the dungeon, and saw 9 of its levels.

You collected 556 gold pieces.
You spent 384 gold pieces at shops.

Inventory:

Hand Weapons
 a - a +0 trident (weapon)
 h - a +4 war axe
 k - a +0 halberd
 o - a +0 broad axe
 A - a +0 dire flail of holy wrath
 D - a +0 vampiric falchion
 G - a +0 sling of freezing
Missiles
 B - 9 poisoned darts (quivered)
 F - 5 atropa-tipped darts
 M - 2 throwing nets
Armour
 c - a +0 buckler (worn)
 d - the +1 leather armour "Yvudem" (worn) {Harm rF+++ Will+++ Stlth-}
   (You found it on level 3 of the Dungeon)

   rF:        It renders you almost immune to fire.
   Harm:      It increases damage dealt and taken.
   Will:      It greatly increases your willpower.
   Stlth:     It makes you less stealthy.
 t - a +3 leather armour of cold resistance
 C - a +0 pair of gloves (worn)
 K - +0 swamp dragon scales
Jewellery
 i - an amulet of reflection (around neck)
 z - the ring of Immorality (left hand) {Wiz rF- rC+ Int+3}
   (You acquired it on level 7 of the Dungeon)

   [ring of wizardry]

   It improves your spell success rate.
   Int:       It affects your intelligence (+3).
   rF:        It makes you vulnerable to fire.
   rC:        It protects you from cold.
Wands
 J - a wand of flame (43)
 L - a wand of light (4)
Scrolls
 b - a scroll of vulnerability {unknown}
 e - a scroll of magic mapping
 j - a scroll of torment
 l - a scroll of enchant weapon {unknown}
 m - a scroll of summoning {unknown}
 n - 2 scrolls of teleportation
 q - a scroll of enchant armour {unknown}
 s - a scroll of blinking
 x - a scroll of butterflies {unknown}
 y - 2 scrolls of noise {unknown}
 E - a scroll of immolation {unknown}
 H - 4 scrolls of amnesia {unknown}
Potions
 f - a potion of ambrosia {unknown}
 g - 2 potions of curing
 p - 3 potions of lignification {unknown}
 r - a potion of might
 u - 2 potions of resistance {unknown}
 v - 4 potions of brilliance {unknown}
 w - 2 potions of attraction {unknown}
 I - a potion of heal wounds


   Skills:
 - Level 5.0 Fighting
 - Level 6.0 Polearms
 - Level 3.0 Armour
 - Level 5.1 Dodging
 - Level 3.0 Shields
 - Level 3.0 Spellcasting
 - Level 6.0 Conjurations
 + Level 3.1 Ice Magic
 - Level 6.0 Earth Magic


You had 7 spell levels left.
You knew the following spells:

 Your Spells              Type           Power      Damage    Failure   Level
a - Stone Arrow           Conj/Erth      56%        3d10      2%          3
b - Hailstorm             Conj/Ice       22%        3d7       12%         4

Your spell library contained the following spells:

 Spells                   Type           Power      Damage    Failure   Level
 Passwall                 Tmut/Erth      12%        N/A       3%          2
 Scorch                   Fire           6%         2d5       12%         2
 Iskenderun's Battlesphe  Conj           28%        2d8       19%         5
 Summon Guardian Golem    Hex/Summ       3%         N/A       24%         3
 Flame Wave               Conj/Fire      15%        2d7       24%         4
 Ice Form                 Ice/Tmut       9%         N/A       38%         4
 Fireball                 Conj/Fire      7%         3d5       52%         5
 Anguish                  Hex/Necr       1%         N/A       58%         4
 Conjure Ball Lightning   Conj/Air       7%         3x3d6     97%         6
 Simulacrum               Ice/Necr       4%         N/A       99%         6
 Orb of Destruction       Conj           14%        9d7       99%         7
 Summon Cactus Giant      Summ           1%         N/A       100%        6


Dungeon Overview and Level Annotations

Branches:
Dungeon (8/15)             Temple (1/1) D:6
   Lair: D:8-11

Shops:
D:4 =:   D:6 *

Annotations:
D:8 Amaemon


Innate Abilities, Weirdness & Mutations

You have an increased reservoir of magic. (+10% MP)
You shall have no god before yourself.
Your divine heritage dramatically boosts your attributes as you level up.


Message History

A cannonade of hail descends around you!
The hail pelts Amaemon.
Amaemon is heavily wounded.
The hail pelts the orange demon!
The orange demon is lightly wounded.
Casting: Hailstorm (dangerous; 12% risk of failure)
Confirm with . or Enter, or press ? or * to list all spells.
Aiming: Stone Arrow (mildly dangerous; 2% risk of failure)
Press: ? - help, Shift-Dir - straight line, f - Amaemon
Aim: Amaemon, wielding a +1 demon whip of venom (heavily wounded, 64% to hit)
The stone arrow hits Amaemon!
Amaemon is severely wounded.
Amaemon hits you with a +1 demon whip of venom!
You block Amaemon's attack. x2; The orange demon stings you from afar.
You are poisoned.
You have difficulty breathing.
You feel yourself slow down.
You feel very mighty all of a sudden.
You feel very sick. Amaemon misses you. Amaemon closely misses you.
You block Amaemon's attack. You block the orange demon's attack.
You puncture Amaemon!
Amaemon is severely wounded.
You feel sick. You block Amaemon's attack. Amaemon closely misses you.
You block Amaemon's attack. The orange demon stings you from afar!
You are more poisoned.
You have difficulty breathing.
You feel as though you will be slow longer.
Amaemon hits you with a +1 demon whip of venom.
* * * LOW HITPOINT WARNING * * *
You are lethally poisoned!
Amaemon barely misses you. Amaemon closely misses you.
The orange demon stings you from afar!
* * * LOW HITPOINT WARNING * * *
Casting: Stone Arrow (mildly dangerous; 2% risk of failure)
Confirm with . or Enter, or press ? or * to list all spells.
Aiming: Stone Arrow (mildly dangerous; 2% risk of failure)
Press: ? - help, Shift-Dir - straight line, f/p - Amaemon
Aim: Amaemon, wielding a +1 demon whip of venom (severely wounded, 64% to hit)
The stone arrow misses Amaemon.
You die...

######### +........
#........ #........
#.64..... #@#####
######.##..#########
#.......#......'...#
#.......#......#...#
#.......'......#...#
######'####...#######
#.....####...#.....#
#.......#....#.....#
##.......#....#.....#


You could see Amaemon and an orange demon (curare).

Vanquished Creatures
  Maggie (D:7)
  Prince Ribbit (D:7)
  5 yaks
  4 steam dragons
  Edmund (D:6)
  Pargi (D:3)
  An orc warrior (D:6)
  2 black bears
  4 sky beasts
  A centaur (D:6)
  A phantom (D:3)
  A kobold brigand (D:7)
  3 bullfrogs
  A scorpion (D:5)
  4 wights (D:7)
  A gnoll bouda (D:4)
  3 hounds (D:6)
  7 orc priests
  5 iguanas
  8 orc wizards
  16 gnolls
  6 adders
  2 white imps
  An ufetubus (D:5)
  3 worms
  6 dart slugs
  13 orcs
  6 ball pythons
  7 endoplasms
  A giant cockroach (D:1)
  2 goblins
  6 hobgoblins
  4 jackals (D:1)
  18 kobolds
  2 quokkas (D:1)
  2 bats (D:1)
  4 frilled lizards
  4 rats
  A bush (D:6)
159 creatures vanquished.

Vanquished Creatures (others)
  A sky beast (D:7)
  2 bushes (D:7)
  7 fungi (D:1)
  4 plants (D:1)
14 creatures vanquished.

Grand Total: 173 creatures vanquished

Notes
Turn   | Place    | Note
-------+----------+-------------------------------------------
     0 | D:1      | wingedge the Demigod Fighter began the quest for the Orb.
     0 | D:1      | Reached XP level 1. HP: 18/18 MP: 3/3
   319 | D:1      | Reached XP level 2. HP: 22/25 MP: 4/4
  1091 | D:1      | Reached XP level 3. HP: 31/31 MP: 5/5
  2375 | D:3      | Noticed Pargi
  2391 | D:3      | Killed Pargi
  2392 | D:3      | Reached skill level 1 in Dodging
  2392 | D:3      | Reached skill level 1 in Spellcasting
  2392 | D:3      | Reached XP level 4. HP: 17/40 MP: 6/8
  2392 | D:3      | Reached XP level 5. HP: 20/46 MP: 6/9
  2886 | D:3      | Identified the +1 leather armour "Yvudem" {Harm rF+++
                  | Will+++ Stlth-}
  3055 | D:3      | Noticed a black bear
  3067 | D:3      | Killed a black bear
  3068 | D:3      | Reached skill level 5 in Fighting
  3068 | D:3      | Reached XP level 6. HP: 53/56 MP: 9/11
  3411 | D:4      | Reached skill level 1 in Conjurations
  3411 | D:4      | Reached skill level 1 in Ice Magic
  3411 | D:4      | Found Weitucit's Jewellery Boutique.
  3710 | D:4      | Found Soydod's Book Emporium.
  4349 | D:5      | Entered Level 5 of the Dungeon
  4811 | D:5      | Reached XP level 7. HP: 61/61 MP: 13/13
  5805 | D:6      | Noticed Edmund
  5836 | D:6      | Killed Edmund
  5837 | D:6      | Reached skill level 5 in Polearms
  6340 | D:6      | Found a staircase to the Ecumenical Temple.
  6408 | Temple   | Entered the Ecumenical Temple
  6826 | D:6      | HP: 3/61 [orc warrior/+0 scimitar (24)]
  6917 | D:6      | Found Uxkokal Bea's General Store.
  6922 | D:6      | Noticed a steam dragon
  6929 | D:6      | Killed a steam dragon
  6930 | D:6      | Reached XP level 8. HP: 52/68 MP: 14/14
  7495 | D:6      | Reached skill level 5 in Conjurations
  8674 | D:4      | Bought the Encyclopedia of the Chthonic Oath for 384 gold
                  | pieces
  8678 | D:4      | Learned a level 3 spell: Stone Arrow
  8789 | D:6      | Reached skill level 1 in Earth Magic
 10061 | D:6      | Reached XP level 9. HP: 64/74 MP: 0/15
 10441 | D:7      | Reached skill level 5 in Earth Magic
 10972 | D:7      | Noticed Prince Ribbit
 10972 | D:7      | Noticed Maggie
 11193 | D:7      | Killed Maggie
 11194 | D:7      | Reached skill level 5 in Dodging
 11322 | D:7      | Identified 2 scrolls of acquirement
 11322 | D:7      | Acquired the ring of Immorality {Wiz rF- rC+ Int+3}
 11330 | D:7      | Learned a level 4 spell: Hailstorm
 11340 | D:7      | Acquired a book of the Spheres
 12340 | D:7      | Killed Prince Ribbit
 12544 | D:8      | Noticed Amaemon
 12544 | D:8      | Noticed an orange demon
 12551 | D:8      | Succumbed to Amaemon's poison

Illustrated notes

Levels and vault maps discovered:
D:1:      saegor_arrival_simple_c, layout_basic,
          dreamdust_ecumenical_altar_hidden_monk_grotto
D:2:      layout_loops_ring
D:3:      layout_loops_ring, slow_altar_1, amcnicky_altar_gilded, uniq_pargi
D:4:      layout_basic, serial_shops, nicolae_shop_crystal,
          nicolae_take_the_stairs
D:5:      layout_cave_pools, palyth_temple_overflow_mages,
          overflow_temple_1_default
D:6:      layout_basic, nemelex_diamond_rough_becter,
          minmay_temple_entry_mini_moons, serial_shops, kennysheep_mini,
          chequers_serial_rivers_room_b, kb_lookout_dungeons_type, uniq_edmund
D:7:      layout_layer_cave, nicolae_hexahallways, dreamdust_princess_corridor,
          hangedman_misty_isle, uniq_prince_ribbit1, uniq_maggie
D:8:      layout_gridville, minmay_misc_feat_rugged, uniq_amaemon
Temple:   nicolae_temple_bog_church

Skill      XL: |  1  2  3  4  5  6  7  8  9 |
---------------+----------------------------+-----
Polearms       | 2 3 6 |  6.0
Fighting       | 3 4 5 |  5.0
Armour         | 3 |  3.0
Shields        | 3 |  3.0
Dodging        | 1 2 3 4 5 |  5.1
Spellcasting   | 1 2 3 |  3.0
Conjurations   | 1 3 5 6 |  6.0
Ice Magic      | 1 3 |  3.1
Earth Magic    | 3 6 |  6.0

Action                   |  1- 3 |  4- 6 |  7- 9 || total
-------------------------+-------+-------+-------++-------
Melee: Trident           |   173 |   137 |   441 ||   751
 Fire: Sling             |       |    15 |       ||    15
Throw: Dart              |     1 |     2 |    11 ||    14
 Cast: Stone Arrow       |       |       |    65 ||    65
       Hailstorm         |       |       |     5 ||     5
  Use: Potion            |     1 |     3 |    13 ||    17
       Scroll            |       |     7 |     8 ||    15
Armor: Scale mail        |    68 |     6 |       ||    74
       Leather armour    |       |    15 |    66 ||    81
Dodge: Dodged            |    55 |    46 |   138 ||   239
Block: Buckler           |    51 |    56 |   174 ||   281
       Reflection        |       |     1 |     9 ||    10
